 Dungeon Crawl Stone Soup version 0.29-a0-486-ga88943ba61 (webtiles) character file.

Game seed: 15771848158630031229

704 Colgate the Sneak (level 7, -8/37 (44) HPs)
             Began as a Kobold Brigand on May 26, 2022.
             Was a Plaything of Xom.
             Engulfed by a cloud of flame (45 damage)
             ... on level 5 of the Dungeon.
             The game lasted 00:15:11 (15160 turns).

Colgate the Sneak (Kobold Brigand)                 Turns: 15160, Time: 00:15:12

HP:   -8/37 (44)    AC: 16    Str:  0 (4)  XL:     7   Next: 99%
MP:   7/7           EV: 17    Int: 10 (11) God:    Xom [....*.]
Gold: 8             SH:  0    Dex: 22      Spells: 6/6 levels left

rFire   x x .      SeeInvis .   a - +1 dagger (venom)
rCold   x x .      Faith    .   (no shield)
rNeg    . . .      Spirit   .   b - +0 robe
rPois   +          Reflect  .   y - +0 helmet
rElec   .          Harm     .   c - +0 cloak
rCorr   .          Rampage  .   (no gloves)
Will    .....                   (no boots)
Stlth   +++++.....              x - amulet of Elemental Vulnerability {rPois rF-- rC-- AC+8}
HPRegen 0.12/turn               h - +4 ring of protection
MPRegen 0.10/turn               u - +6 ring of dexterity

@: slowed, lost strength, heavily drained, very slow
A: small, no large weapons, nightstalker 3, clumsy 1, dopey 1, screaming 2, weak
2
a: Renounce Religion


You were on level 5 of the Dungeon.
You worshipped Xom.
You were a beloved toy of Xom.
You visited 1 branch of the dungeon, and saw 5 of its levels.

You collected 331 gold pieces.
You spent 323 gold pieces at shops.

Inventory:

Hand Weapons
 a - a +1 dagger of venom (weapon)
Missiles
 d - 21 poisoned darts (quivered)
 e - 3 curare-tipped darts
Armour
 b - a +0 robe (worn)
 c - a +0 cloak (worn)
 y - a +0 helmet (worn)
 E - a +3 chain mail of willpower
Magical Staves
 w - a staff of conjuration
Jewellery
 h - a +4 ring of protection (left hand)
 u - a +6 ring of dexterity (right hand)
 x - the amulet of Elemental Vulnerability (around neck) {rPois rF-- rC-- AC+8}
   (You found it on level 3 of the Dungeon)

   [amulet of nothing]

   AC:        It affects your AC (+8).
   rF:        It makes you very vulnerable to fire.
   rC:        It makes you very vulnerable to cold.
   rPois:     It protects you from poison.
 z - an amulet of regeneration
Wands
 t - a wand of acid (4) {@v1}
 A - a wand of polymorph (7)
 F - a wand of mindburst (20)
Scrolls
 f - a scroll of immolation {unknown}
 g - 3 scrolls of vulnerability {unknown}
 j - 2 scrolls of enchant armour {unknown}
 l - 2 scrolls of acquirement {unknown}
 m - a scroll of enchant weapon {unknown}
 p - 2 scrolls of fear {unknown}
 q - 6 scrolls of identify {unknown}
 r - 2 scrolls of fog {unknown}
 s - 3 scrolls of poison {unknown}
 v - 5 scrolls of teleportation {unknown}
 C - a scroll of amnesia {unknown}
 G - a scroll of summoning {unknown}
 H - a scroll of noise {unknown}
Potions
 i - a potion of flight {unknown}
 k - 5 potions of curing {unknown}
 n - 2 potions of lignification {unknown}
 o - a potion of mutation {unknown}
 B - a potion of attraction {unknown}
 D - a potion of cancellation {unknown}


   Skills:
 - Level 5.3 Fighting
 + Level 6.1 Short Blades
 - Level 2.1 Throwing
 - Level 4.4 Dodging
 - Level 6.4 Stealth
 - Level 3.0 Evocations


You had 6 spell levels left.
You didn't know any spells.
Your spell library contained the following spells:

 Spells                   Type           Power      Damage    Failure   Level
 Blink                    Tloc           0%         N/A       50%         2
 Lesser Beckoning         Tloc           0%         N/A       75%         3
 Manifold Assault         Tloc           0%         N/A       100%        5


Dungeon Overview and Level Annotations

Branches:
Dungeon (5/15)
 Temple: D:4-7

Altars:
Xom
Zin

Shops:
D:2 [   D:5 ?

Annotations:
D:4 raudan takana kultaa


Innate Abilities, Weirdness & Mutations

You are small and have problems with some larger weapons.
You are completely attuned to the shadows.
You are clumsy. (Dex -2)
You are dopey. (Int -2)
You frequently scream uncontrollably at your foes.
You are very weak. (Str -4)


Message History

Where to? (Enter - D:3 @ (x,y), ? - help)
What level of the Dungeon? (default 1, ? - help)
There is a stone staircase leading down here.
You climb downwards.
Level annotation: raudan takana kultaa
There is a stone staircase leading up here.
There is a stone staircase leading down here.
You climb downwards.
There is a stone staircase leading up here.
No target in view!
Xom is getting BORED.
No target in view!
Xom is getting BORED.
No target in view!
Found a stone staircase leading down.
No target in view!
There is a stone staircase leading down here.
You are now a BORING thing.
No target in view!
Xom's malign attention turns to you for a moment.
You feel weakened.
You have lost your strength.
You are now a beloved toy of Xom.
You can move again.
No target in view!
Found a chain mail.
No target in view!
Found 12 stones.
Unknown command.
No target in view!
G - a scroll labelled LYDOGE TEASOI No target in view!
Found a club.
No target in view!
H - a scroll labelled LAUFORA TISESCH No target in view!
Partly explored, can't reach some places.
Really walk into a travel-excluded area?
Found a flail.
You are engulfed in blazing flames.
Ouch! That really hurt!
You die...

.#........##.#
#.#.............#.
##........##.#
#####...#####.###.
..##.#....##.# #☼.☼#
#..... ..†#..#..###.###
#☼°○# ######
..#.#.#........# #○§§#
#..#
..#.#.#..###.#.#####.
######.#
..#.#.....##....☼☼§..
...§...#
.#...##.#.......☼§...
.§§☼..)#
##...#....#####.@§§.)
.§○☼...# .#...#..#.#
#######. ######.#
#.#.#.#.#.# #.# #§.§#
#..# #.#.#.#.#.# #.#
#.§§# #..#
#.#.#.#.#.####.# #☼☼§#
#.##
...#...##......#####...#
#.#
...#...##.......##.##..#
#.#
...#...##.......##.###.#
#.#
#.#.#.#.#......###.###.#
#.#


There were no monsters in sight!

Vanquished Creatures
  An ice beast (D:5)
  2 ogres
  A centaur (D:3)
  A scorpion (D:5)
  3 hounds
  3 iguanas (D:5)
  5 adders
  A worm (D:4)
  3 dart slugs
  3 orcs (D:4)
  5 ball pythons
  11 endoplasms
  12 goblins
  5 hobgoblins
  7 jackals
  3 quokkas
  5 bats
  3 frilled lizards
  6 kobolds
  7 rats
87 creatures vanquished.

Notes
Turn   | Place    | Note
-------+----------+-------------------------------------------
     0 | D:1      | Colgate the Kobold Brigand began the quest for the Orb.
     0 | D:1      | Reached XP level 1. HP: 12/12 MP: 1/1
    99 | D:1      | Reached XP level 2. HP: 17/17 MP: 2/2
   424 | D:1      | Reached XP level 3. HP: 22/22 MP: 3/3
   470 | D:1      | Found a faded altar of an unknown god.
   475 | D:1      | Prayed at the altar of an unknown god.
   475 | D:1      | Became a worshipper of Xom of Chaos
  1627 | D:2      | Reached XP level 4. HP: 28/28 MP: 4/4
  1764 | D:2      | XOM: god gift: ivory wand {god gift}
  1861 | D:2      | Found Tizik's Antique Armour Emporium.
  2362 | D:3      | XOM: divination: detect items
  3050 | D:2      | XOM: stat loss: -1 Int (11/12)
  3960 | D:2      | XOM: give mutation
  3960 | D:2      | Gained mutation: You possess an exceptional clarity of
                  | mind. [Xom's mischief]
  4190 | D:2      | XOM is BORED!
  4581 | D:2      | XOM: give mutations
  4581 | D:2      | Gained mutation: You are weak. (Str -2) [Xom's mischief]
  4581 | D:2      | Gained mutation: You occasionally shout uncontrollably at
                  | your foes. [Xom's mischief]
  4581 | D:2      | Gained mutation: You sometimes lose the ability to read
                  | scrolls when taking damage. [Xom's mischief]
  4581 | D:2      | Gained mutation: You are very weak. (Str -4) [Xom's
                  | mischief]
  4965 | D:3      | XOM: silly message
  5174 | D:3      | XOM: 1-stop teleportation journey
  5246 | D:3      | Found the amulet of Elemental Vulnerability {rPois rF--
                  | rC-- AC+8}
  5388 | D:3      | Reached XP level 5. HP: 33/33 MP: 5/5
  5676 | D:3      | Noticed a centaur
  5686 | D:3      | Killed a centaur
  5866 | D:2      | Bought a helmet for 121 gold pieces
  6271 | D:4      | Reached XP level 6. HP: 38/38 MP: 6/6
  6314 | D:4      | Noticed an ogre
  6328 | D:4      | Killed an ogre
  6329 | D:4      | Reached skill level 5 in Fighting
  6487 | D:4      | XOM: noise
  6951 | D:4      | Reached skill level 1 in Evocations
  7243 | D:4      | Found a glowing silver altar of Zin.
  7291 | D:5      | Entered Level 5 of the Dungeon
  7328 | D:5      | XOM: noise
  7330 | D:5      | XOM: summons friendly crimson imp
  7334 | D:5      | Noticed an ice beast
  7340 | D:5      | Reached XP level 7. HP: 44/44 MP: 7/7
  7489 | D:5      | Found Zaix's Magic Scroll Shoppe.
  7589 | D:5      | Reached skill level 5 in Short Blades
  8001 | D:5      | XOM: cloud trail
  8694 | D:4      | XOM: noise
 10710 | D:3      | XOM is BORED!
 10710 | D:3      | XOM: stat loss: -3 Str (1/4)
 10755 | D:3      | XOM: summons 4 hostile shadow creatures
 11168 | D:3      | XOM: cloud trail
 11429 | D:2      | Bought a runed chain mail for 202 gold pieces
 11694 | D:4      | XOM: silly message
 11895 | D:4      | XOM: give mutations
 11895 | D:4      | Gained mutation: You are dopey. (Int -2) [Xom's mischief]
 11895 | D:4      | Lost mutation: You are very weak. (Str -4) [Xom's mischief]
 11895 | D:4      | Gained mutation: You frequently scream uncontrollably at
                  | your foes. [Xom's mischief]
 11895 | D:4      | Gained mutation: You are very dopey. (Int -4) [Xom's
                  | mischief]
 12170 | D:4      | XOM: summons 2 hostile shadow creatures
 12337 | D:3      | XOM: give mutations
 12337 | D:3      | Lost mutation: You are very dopey. (Int -4) [Xom's
                  | mischief]
 12337 | D:3      | Lost mutation: You possess an exceptional clarity of mind.
                  | [Xom's mischief]
 12337 | D:3      | Gained mutation: You are frail. (-10% HP) [Xom's mischief]
 12337 | D:3      | Lost mutation: You sometimes lose the ability to read
                  | scrolls when taking damage. [Xom's mischief]
 12649 | D:3      | XOM: give mutation
 12649 | D:3      | Lost mutation: You are frail. (-10% HP) [Xom's mischief]
 12716 | D:3      | XOM: give mutation
 12716 | D:3      | Gained mutation: You are clumsy. (Dex -2) [Xom's mischief]
 12945 | D:3      | XOM: draining
 13120 | D:3      | XOM: summons 3 hostile shadow creatures
 13358 | D:4      | XOM: summons 4 hostile demons
 13486 | D:3      | XOM is BORED!
 13486 | D:3      | XOM: noise
 13972 | D:3      | XOM: stat loss: -1 Int (10/11)
 14187 | D:3      | XOM: give mutation
 14187 | D:3      | Gained mutation: You are very weak. (Str -4) [Xom's
                  | mischief]
 14218 | D:3      | XOM: silly message
 14935 | D:5      | XOM is BORED!
 14935 | D:5      | Lost strength.
 14935 | D:5      | XOM: stat loss: -1 Str (0/4)
 15160 | D:5      | Engulfed by a cloud of flame

Illustrated notes

Levels and vault maps discovered:
D:1:      amcnicky_arrival_flooded_fountain, layout_basic,
          ebering_ecumenical_altar_rust, chequers_serial_rivers_micro_c,
          grunt_decor_junction
D:2:      layout_loops_cross, serial_shops, nicolae_shop_overgrown_old_shop
D:3:      layout_basic, nicolae_elevator_lobby_plus
D:4:      layout_basic, zin_treasury, serial_corexii_hall,
          chequers_hall_statues_wall_a, chequers_hall_statues_wall_a,
          corexii_hall_statues_x
D:5:      nicolae_BIG_FREAKIN_CUBE, layout_basic, nicolae_stop_n_shop_2,
          lemuel_flame_loot_1

Skill      XL: |  1  2  3  4  5  6  7 |
---------------+----------------------+-----
Short Blades   | 3 4 6 |  6.1
Fighting       | 3 4 5 |  5.3
Dodging        | 2 4 |  4.4
Evocations     | 3 |  3.0
Stealth        | 6 |  6.4
Throwing       | |  2.1

Action                   |  1- 3 |  4- 6 |  7- 9 || total
-------------------------+-------+-------+-------++-------
Melee: Dagger            |    81 |   127 |    74 ||   282
       Punch             |     1 |       |       ||     1
Evoke: Wand              |       |     2 |       ||     2
 Stab: Sleeping          |    17 |    17 |       ||    34
Armor: Robe              |    17 |    31 |    10 ||    58
Dodge: Dodged            |    42 |    78 |    44 ||   164

Table legend: (Time is in decaauts)
 A = Elapsed time spent in this place.
 B = Non-inter-level travel time spent in this place.
 C = Inter-level travel time spent in this place.
 D = Time resting spent in this place.
 E = Time spent auto-exploring this place.
 F = Levels seen in this place.
 G = Mean time per level.
                   A        B        C        D        E       F      G
               +--------+--------+--------+--------+--------+-----+--------+
         Total |  15221 |  14334 |    887 |   8385 |   5246 |   5 | 3044.2 |
       Dungeon |  15221 |  14334 |    887 |   8385 |   5246 |   5 | 3044.2 |
               +--------+--------+--------+--------+--------+-----+--------+

Top non-repeatable levels by time:
     D:3: 5017 daAuts
     D:2: 3730 daAuts
     D:4: 3693 daAuts
     D:5: 1532 daAuts
     D:1: 1247 daAuts
